 Dungeon Crawl Stone Soup version 0.27.0-1-g7a089689b8 (webtiles) character file.

Game seed: 7149271290608975565

8922 nxtlvl the Spear-Bearer (level 11, -16/88 (90) HPs)
             Began as a Human Gladiator on Aug 17, 2021.
             Was a Priest of Cheibriados.
             Demolished by a two-headed ogre (19 damage)
             ... on level 9 of the Dungeon.
             The game lasted 00:58:31 (4459 turns).

nxtlvl the Spear-Bearer (Human Gladiator)           Turns: 4459, Time: 00:58:32

HP:   -16/88 (90)   AC: 14    Str: 21    XL:     11   Next: 64%
MP:   24/24         EV:  7    Int: 17    God:    Cheibriados [***...]
Gold: 50            SH:  0    Dex: 21    Spells: 10/10 levels left

rFire    . . .     SeeInvis .   b - +0 glaive (freeze)
rCold    + . .     Faith    .   (shield currently unavailable)
rNeg     + . .     Spirit   .   d - +0 plate armour
rPois    .         Reflect  .   y - +0 helmet
rElec    .         Harm     .   j - +1 cloak of the Wilderness {rN+}
rCorr    .         Rampage  .   e - +0 pair of gloves
Will     .....                  (no boots)
Stlth    ..........             z - amulet of regeneration
HPRegen  1.24/turn              p - ring of magical power
MPRegen  0.19/turn              P - ring of protection from cold

@: mighty, studying Polearms, lightly drained, very slow
A: no striking features
a: Renounce Religion, Bend Time, Temporal Distortion


You were on level 9 of the Dungeon.
You worshipped Cheibriados.
Cheibriados was most pleased with you.
You visited 2 branches of the dungeon, and saw 10 of its levels.
You also visited: Ossuary.

You collected 303 gold pieces.
You spent 253 gold pieces at shops.

Inventory:

Hand Weapons
 a - a +3 vorpal trident
 b - a +0 glaive of freezing (weapon)
 w - a +0 hunting sling
 W - a +0 broad axe
Missiles
 q - 23 poisoned darts (quivered)
 B - 17 sling bullets
 Q - 152 stones
Armour
 d - a +0 plate armour (worn)
 e - a +0 pair of gloves (worn)
 f - a +0 scale mail
 j - the +1 cloak of the Wilderness (worn) {rN+}
   (You found it on level 9 of the Dungeon)

   rN:        It protects you from negative energy.
 y - a +0 helmet (worn)
Jewellery
 p - a ring of magical power (left hand)
 z - an amulet of regeneration (around neck)
 D - a +6 ring of intelligence
 O - a ring of protection from fire
 P - a ring of protection from cold (right hand)
Wands
 n - a wand of digging (4)
 s - a wand of mindburst (26)
 v - a wand of paralysis (5)
 V - a wand of acid (6)
Scrolls
 i - a scroll of silence
 k - 2 scrolls of vulnerability
 l - 2 scrolls of magic mapping
 m - a scroll of immolation
 x - a scroll of torment
 C - a scroll of fog
Potions
 c - a potion of attraction
 h - 3 potions of lignification {unknown}
 o - a potion of mutation
 r - a potion of flight
 u - 3 potions of magic {unknown}
 A - a potion of haste
 E - 2 potions of curing


   Skills:
 + Level 9.9 Fighting
 * Level 14.0 Polearms
 - Level 2.0 Throwing
 - Level 3.0 Dodging
 + Level 6.5 Invocations


You had 10 spell levels left.
You didn't know any spells.
Your spell library was empty.

Dungeon Overview and Level Annotations

Branches:
Dungeon (9/15)             Temple (1/1) D:6            Lair (0/6) D:9
    Orc (0/2) D:9         Ossuary (visited)

Altars:
Ashenzari
Cheibriados
Dithmenos
Elyvilon
Fedhas
Gozag
Hepliaklqana
Kikubaaqudgha
Makhleb
Nemelex Xobeh
Okawaru
Qazlal
Ru
Sif Muna
Uskayaw
Vehumet
Wu Jian
Xom
Yredelemnul
Zin
The Shining One

Shops:
D:3 ?   D:7 :

Annotations:
D:9 1 runed translucent door, osoart's ghost, journeyman DrMo


Message History

Cheibriados thoroughly appreciates the change of pace.
The orc warrior hits you from afar with a +0 glaive!!
A two-headed ogre comes into view.
It is wielding two +0 giant spiked clubs.
Reach: b) +0 glaive (freeze)
Press: ? - help, Dir - move target, f - two-headed ogre
Aim: a two-headed ogre, wielding two +0 giant spiked clubs (about 20% to evade your +0 glaive of freezing)
Okay, then.
Unknown command.
You feel very mighty all of a sudden.
A centaur warrior comes into view.
Okay, then.
Okay, then.
Reach: b) +0 glaive (freeze)
Press: ? - help, Dir - move target, f - two-headed ogre
Aim: a two-headed ogre, wielding two +0 giant spiked clubs (about 20% to evade your +0 glaive of freezing)
You reach to attack!
The centaur warrior shouts!
You slash the two-headed ogre! You freeze the two-headed ogre.
The two-headed ogre is moderately wounded.
You completely miss the two-headed ogre.
The two-headed ogre is moderately wounded.
The two-headed ogre hits you with a +0 giant spiked club!!
The two-headed ogre hits you with a +0 giant spiked club!
* * * LOW HITPOINT WARNING * * *
You hear a shout!
You closely miss the two-headed ogre.
The two-headed ogre is moderately wounded.
The two-headed ogre hits you with a +0 giant spiked club.
* * * LOW HITPOINT WARNING * * *
The two-headed ogre hits you with a +0 giant spiked club!
* * * LOW HITPOINT WARNING * * *
Unknown command.
You closely miss the two-headed ogre.
The two-headed ogre is moderately wounded.
A centaur warrior comes into view.
As you read the scroll labelled QEKUUDU KOOJO, it crumbles to dust.
It is a scroll of amnesia.
You feel forgetful for a moment. The two-headed ogre barely misses you.
The two-headed ogre hits you with a +0 giant spiked club!!
You die...

.. #### ##. ### #### Z#. #####
#### #. #.### #### # #. ##..##
###### #Z#.#....## ######
#z#...##.#### # ##########
#o#..######.##c##$#######.[. .
#O#....).'.@Oco...######....
..#####..#.#.##.##.##$###......#
........###)#### # ####.....##
#...)†##..#### ####...(...
###.#.#....##########......##
##).......########....)....
#.........................
#8.8......................
#.......##................


You could see 2 centaur warriors, a two-headed ogre and an orc warrior.

Vanquished Creatures
  Pikel (D:8)
  A cyclops (D:7)
  Maurice (D:9)
  4 slime creatures (D:8)
  Sigmund (D:5)
  Eustachio (D:6)
  A shadow (D:9)
  11 yaks (D:9)
  Grum (D:9)
  Edmund (D:6)
  Duvessa (D:6)
  2 acid dragons (D:9)
  A water moccasin (D:9)
  4 orc warriors
  An ice beast (D:6)
  A black bear (D:7)
  4 sky beasts
  2 necrophages (D:5)
  4 wolves (D:9)
  3 ogres
  2 phantoms
  2 centaurs
  2 elf zombies (Ossuary)
  A kobold brigand (D:6)
  3 bullfrogs
  A wyvern zombie (D:8)
  A water moccasin zombie (D:5)
  2 scorpions
  Dowan (D:6)
  5 killer bees (D:8)
  14 wights
  3 centaur zombies
  A hound (D:5)
  A bullfrog zombie (D:5)
  4 human zombies
  A centaur skeleton (D:4)
  3 orc priests
  An iguana (D:4)
  7 orc wizards
  A killer bee zombie (D:8)
  2 hound zombies (D:5)
  3 mummies
  Robin (D:2)
  A howler monkey skeleton (D:7)
  A howler monkey zombie (D:4)
  3 gnolls (D:3)
  5 adders
  An adder zombie (Ossuary)
  A worm (D:2)
  26 orcs
  2 endoplasms
  A giant cockroach (D:3)
  18 goblins
  6 hobgoblins
  3 jackals (D:5)
  7 ball pythons
  3 bats
  A frilled lizard (D:3)
  A goblin zombie (Ossuary)
  16 hobgoblin zombies (Ossuary)
  10 kobolds
  7 kobold zombies
  6 orc zombies (Ossuary)
  5 rats
  3 rat zombies (Ossuary)
235 creatures vanquished.

Notes
Turn   | Place    | Note
-------+----------+-------------------------------------------
     0 | D:1      | nxtlvl the Human Gladiator began the quest for the Orb.
     0 | D:1      | Reached XP level 1. HP: 16/16 MP: 1/1
    80 | D:1      | Found a faded altar of an unknown god.
   123 | D:1      | Reached XP level 2. HP: 22/22 MP: 2/2
   218 | D:2      | Reached skill level 4 in Polearms
   218 | D:2      | Reached XP level 3. HP: 25/27 MP: 3/3
   302 | D:2      | Noticed Robin
   317 | D:2      | Killed Robin
   318 | D:2      | Reached XP level 4. HP: 25/33 MP: 4/4
   378 | D:2      | Reached skill level 5 in Polearms
   437 | D:2      | Reached XP level 5. HP: 38/38 MP: 5/5
   588 | D:4      | Reached skill level 6 in Polearms
   596 | D:4      | Noticed a phantom
   608 | D:4      | Killed a phantom
   609 | D:4      | Reached XP level 6. HP: 26/46 MP: 6/6
   615 | D:4      | Noticed an ogre
   636 | D:3      | Found Ozooruko's Magic Scroll Shoppe.
   758 | D:3      | Bought a scroll of identify for 22 gold pieces
   758 | D:3      | Bought a scroll of noise for 11 gold pieces
   892 | D:4      | Noticed an orc warrior
   912 | D:4      | Killed an orc warrior
   913 | D:4      | Reached skill level 7 in Polearms
   913 | D:4      | Reached XP level 7. HP: 47/52 MP: 7/7
   986 | D:5      | Entered Level 5 of the Dungeon
  1143 | D:5      | Noticed Sigmund
  1152 | D:5      | Killed Sigmund
  1153 | D:5      | Reached skill level 8 in Polearms
  1153 | D:5      | Reached XP level 8. HP: 60/60 MP: 8/8
  1310 | D:5      | Found a basalt altar of Yredelemnul.
  1342 | D:5      | Reached skill level 5 in Fighting
  1342 | D:5      | Reached skill level 9 in Polearms
  1532 | D:5      | Found a sand-covered staircase.
  1545 | Ossuary  | Entered an ossuary
  1672 | Ossuary  | Reached XP level 9. HP: 62/68 MP: 9/9
  1984 | D:5      | Reached skill level 10 in Polearms
  2284 | D:6      | Found a staircase to the Ecumenical Temple.
  2293 | Temple   | Entered the Ecumenical Temple
  2334 | Temple   | Became a worshipper of Cheibriados the Contemplative
  2380 | D:6      | Noticed Eustachio
  2426 | D:6      | Killed Eustachio
  2462 | D:6      | Noticed Duvessa
  2462 | D:6      | Noticed Dowan
  2471 | D:6      | Killed Duvessa
  2483 | D:6      | Killed Dowan
  2516 | D:6      | Reached skill level 11 in Polearms
  2583 | D:6      | Noticed Edmund
  2600 | D:6      | Killed Edmund
  2743 | D:7      | Reached XP level 10. HP: 79/79 MP: 10/10
  2771 | D:7      | Noticed a cyclops
  2799 | D:7      | Killed a cyclops
  2820 | D:7      | Found Eveyziamn's Book Emporium.
  2939 | D:7      | Reached skill level 12 in Polearms
  2943 | D:7      | Reached * piety under Cheibriados
  2963 | D:7      | Reached skill level 1 in Invocations
  3084 | D:8      | Noticed Pikel
  3098 | D:8      | Killed Pikel
  3122 | D:8      | Identified a scroll of acquirement
  3122 | D:8      | Acquired a manual of Polearms
  3366 | D:8      | Found a shimmering altar of Xom.
  3631 | D:9      | Reached XP level 11. HP: 83/87 MP: 14/14
  3666 | D:9      | Reached skill level 13 in Polearms
  3695 | D:9      | Found a broken altar of Ashenzari.
  3720 | D:9      | Reached ** piety under Cheibriados
  3798 | D:9      | Reached skill level 5 in Invocations
  3854 | D:9      | Noticed Grum
  3885 | D:9      | Killed Grum
  3903 | D:9      | Identified the +1 cloak of the Wilderness {rN+}
  3935 | D:9      | Found a runed translucent door.
  3943 | D:9      | Found a shimmering altar of Xom.
  3943 | D:9      | Noticed osoart's ghost (journeyman DrMo)
  3943 | D:9      | Noticed a +1 hand axe of chaos
  3944 | D:9      | Found a staircase to the Lair.
  3947 | D:9      | Noticed Maurice
  4020 | D:6      | Found a glowing golden altar of the Shining One.
  4020 | D:6      | Found a burning altar of Makhleb.
  4023 | D:6      | Found a sparkling altar of Nemelex Xobeh.
  4116 | D:3      | Bought a scroll of brand weapon for 220 gold pieces
  4268 | D:9      | Found a staircase to the Orcish Mines.
  4360 | D:9      | Killed Maurice
  4405 | D:9      | Reached skill level 14 in Polearms
  4412 | D:9      | Reached *** piety under Cheibriados
  4424 | D:9      | Noticed a two-headed ogre
  4453 | D:9      | Noticed a two-headed ogre
  4454 | D:9      | Noticed a centaur warrior
  4457 | D:9      | HP: 1/88 [two-headed ogre (14)]
  4459 | D:9      | Noticed a centaur warrior
  4459 | D:9      | Demolished by a two-headed ogre

Illustrated notes

Levels and vault maps discovered:
D:1:      dpeg_arrival_castle, layout_basic,
          hellmonk_ecumenical_altar_inner_sanctum, minmay_hexomino_p4
D:2:      minmay_evil_eye, layout_rooms, uniq_robin
D:3:      kennysheep_goblin_castle, layout_rooms, serial_shops, shop
D:4:      layout_loops_cross
D:5:      layout_basic, lemuel_mausoleum_altar_yredelemnul, enter_ossuary_3,
          uniq_sigmund
D:6:      layout_basic, nicolae_overflow_hidden_temple, temple_hall,
          uniq_eustachio, uniq_duvessa, uniq_edmund
D:7:      layout_rooms, mainiacjoe_overflow_alcove_4, serial_shops, shop,
          moated_statue
D:8:      layout_gridville, mainiacjoe_overflow_24_doors, uniq_pikel
D:9:      hangedman_cross_veins, layout_cave_pools,
          nicolae_ashenzari_panopticon, ebering_ghost_xom, serial_column_ruins,
          column_ruins_grid_4, column_ruins_grid_2, column_ruins_columns_corner,
          column_ruins_corridor_straight, column_ruins_open_tiny,
          column_ruins_open_tiny_water, onia_ninara_dug_in_and_dangerous,
          uniq_grum, uniq_maurice
Temple:   eino_wide_crystal_templ

Skill      XL: |  1  2  3  4  5  6  7  8  9 10 11 |
---------------+----------------------------------+-----
Polearms       | 4 5 6 7 8 9 11 12 14 | 14.0
Fighting       | 3 4 5 7 8 9 |  9.9
Invocations    | 4 6 |  6.5
Throwing       | |  2.0
Dodging        | |  3.0

Action                   |  1- 3 |  4- 6 |  7- 9 | 10-12 || total
-------------------------+-------+-------+-------+-------++-------
Melee: Trident           |    70 |   104 |   468 |   253 ||   895
       Glaive            |       |       |       |    84 ||    84
Throw: Stone             |     3 |       |     2 |       ||     5
       Throwing net      |     1 |     1 |     1 |       ||     3
       Dart              |       |       |     5 |     9 ||    14
Evoke: Wand              |       |       |       |     7 ||     7
  Use: Scroll            |       |     6 |     1 |    12 ||    19
       Potion            |       |       |       |     4 ||     4
 Stab: Sleeping          |     1 |       |       |       ||     1
       Held in net/web   |       |       |     1 |       ||     1
       Paralysed         |       |       |       |     3 ||     3
Armor: Leather armour    |     1 |       |       |       ||     1
       Plate armour      |    30 |    34 |   174 |   156 ||   394
Dodge: Dodged            |    10 |    12 |    60 |    85 ||   167
